 Dungeon Crawl Stone Soup version 0.28-a0-1629-gf728b707aa (webtiles) character file.

Game seed: 8264524226745882100

4512 Minsecho the Cleaver (level 10, 0/88 HPs)
             Began as a Hill Orc Fighter on Jan 25, 2022.
             Was a Follower of Okawaru.
             Slain by a boulder beetle (26 damage)
             ... on level 8 of the Dungeon.
             The game lasted 00:15:37 (10193 turns).

Minsecho the Cleaver (Hill Orc Fighter)            Turns: 10193, Time: 00:15:37

Health: 0/88       AC: 12    Str: 20    XL:     10   Next: 39%
Magic:  19/19      EV: 10    Int:  8    God:    Okawaru [*.....]
Gold:   510        SH:  5    Dex: 14    Spells: 8/9 levels left

rFire   . . .      SeeInvis .   a - +1 war axe
rCold   . . .      Faith    .   c - +0 buckler
rNeg    . . .      Spirit   .   b - +0 scale mail
rPois   .          Reflect  .   (no helmet)
rElec   .          Harm     .   h - +0 cloak
rCorr   .          Rampage  .   y - +0 pair of gloves
Will    .....                   p - +0 pair of boots
Stlth   +.........              w - amulet of the acrobat
HPRegen 0.24/turn               e - ring of wizardry
MPRegen 0.16/turn               m - ring of magical power

@: no status effects
A: no striking features
a: Renounce Religion, Heroism


You were on level 8 of the Dungeon.
You worshipped Okawaru.
Okawaru was aware of your devotion.
You visited 2 branches of the dungeon, and saw 9 of its levels.

You collected 510 gold pieces.

Inventory:

Hand Weapons
 a - a +1 war axe (weapon)
Armour
 b - a +0 scale mail (worn)
 c - a +0 buckler (worn)
 h - a +0 cloak (worn)
 p - a +0 pair of boots (worn)
 y - a +0 pair of gloves (worn)
Jewellery
 e - a ring of wizardry (left hand)
 m - a ring of magical power (right hand)
 u - a ring of ice
 w - an amulet of the acrobat (around neck)
Wands
 q - a wand of digging (6)
 s - a wand of paralysis (4)
 C - a wand of flame (37)
 D - a wand of mindburst (8)
Scrolls
 f - 6 scrolls of identify {unknown}
 k - 2 scrolls of fear {unknown}
 l - 2 scrolls of noise {unknown}
 n - 2 scrolls of amnesia
 r - 2 scrolls of enchant weapon
 t - a scroll of enchant armour {unknown}
Potions
 d - 2 potions of might
 g - 2 potions of brilliance {unknown}
 i - 3 potions of lignification {unknown}
 j - a potion of invisibility
 o - a potion of haste
 v - a potion of ambrosia {unknown}
 x - a potion of curing {unknown}
 z - 3 potions of heal wounds {unknown}
 A - a potion of flight {unknown}
 B - a potion of attraction {unknown}


   Skills:
 + Level 8.2 Fighting
 + Level 12.6 Axes
 + Level 8.3 Armour
 + Level 3.0 Dodging
 + Level 2.1 Stealth
 + Level 6.1 Shields
 + Level 0.2 Evocations


You had 8 spell levels left.
You knew the following spells:

 Your Spells              Type           Power      Damage    Failure   Level
a - Freeze                Ice            0%         1d3       45%         1

Your spell library contained the following spells:

 Spells                   Type           Power      Damage    Failure   Level
 Slow                     Hex            0%         N/A       45%         1
 Confusing Touch          Hex            0%         N/A       82%         3
 Ignite Poison            Fire/Tmut/Pois 0%         N/A       82%         3
 Mephitic Cloud           Conj/Pois/Air  0%         N/A       82%         3
 Vampiric Draining        Necr           0%         2d6       82%         3
 Freezing Cloud           Conj/Ice/Air   0%         6-21      100%        5
 Eringya's Noxious Bog    Tmut/Pois      0%         N/A       100%        6
 Summon Forest            Summ/Tloc      Unusable   N/A       N/A         5
 Summon Hydra             Summ           Unusable   N/A       N/A         7

Dungeon Overview and Level Annotations

Branches:
Dungeon (8/15)             Temple (1/1) D:4            Lair (0/6) D:8

Altars:
Ashenzari
Cheibriados
Dithmenos
Elyvilon
Fedhas
Gozag
Hepliaklqana
Kikubaaqudgha
Makhleb
Nemelex Xobeh
Okawaru
Qazlal
Ru
Sif Muna
Trog
Uskayaw
Vehumet
Wu Jian
Xom
Yredelemnul
Zin
The Shining One

Annotations:
D:3 2 transporters


Message History

Aim: a boulder beetle (lightly wounded, rolling, chance to affect: 47%)
The boulder beetle's mind is blasted!
You slash the boulder beetle!
The boulder beetle is heavily wounded.
The boulder beetle hits you!
The boulder beetle stops rolling and uncurls.
You hit the boulder beetle but do no damage.
The boulder beetle is heavily wounded.
The boulder beetle bites you!
You slash the boulder beetle!
The boulder beetle is severely wounded.
The boulder beetle bites you!
You hit the boulder beetle but do no damage.
The boulder beetle is severely wounded.
You block the boulder beetle's attack.
You hit the boulder beetle but do no damage.
The boulder beetle is severely wounded.
The boulder beetle leaps!
You hit the boulder beetle.
The boulder beetle is severely wounded.
The boulder beetle bites you.
You completely miss the boulder beetle.
The boulder beetle is severely wounded.
The boulder beetle bites you but does no damage.
You hit the boulder beetle but do no damage.
The boulder beetle is severely wounded.
You barely miss the boulder beetle.
The boulder beetle is severely wounded.
The boulder beetle barely misses you.
You hit the boulder beetle but do no damage.
The boulder beetle is severely wounded.
The boulder beetle bites you!!
You hit the boulder beetle but do no damage.
The boulder beetle is severely wounded.
The boulder beetle bites you.
* * * LOW HITPOINT WARNING * * *
You hit the boulder beetle.
The boulder beetle is severely wounded.
The boulder beetle bites you!!
You die...

.#....###.............####.......
..##...................# #.......
...#...................# ##.....†
...#..###..............## #......
.....## #...............# ##.....
.....# #..............## #.....
..(..# ##............## ###...
.....# #............# #... .....#
#......@B...## ##.## ###..#
##......#....# #..# #..#
#########...## ##.## #..# #....##
#..# ###..# #####....# ##.##
..#### ####.....B..###..# .#.##
##............##.## #.._#
#................# ..#####
##..............##


You could see a boulder beetle.

Vanquished Creatures
  A centaur warrior (D:8)
  A komodo dragon (D:8)
  Grinder (D:5)
  2 steam dragons
  A vampire mosquito (D:8)
  2 water moccasins
  3 ice beasts
  2 sky beasts
  3 black bears
  A hornet zombie (D:7)
  2 necrophages
  2 phantoms
  A wyvern zombie (D:6)
  4 bullfrogs
  2 scorpions
  12 wights
  4 howler monkeys
  A bullfrog zombie (D:6)
  2 centaur zombies
  2 hounds (D:5)
  3 jellies
  A centaur skeleton (D:6)
  5 iguanas
  2 orc wizards (D:6)
  A howler monkey zombie (D:6)
  6 gnolls
  4 adders
  A howler monkey skeleton (D:6)
  A white imp (D:5)
  A dart slug (D:1)
  14 orcs
  5 ball pythons
  5 bats
  9 endoplasms
  A giant cockroach (D:2)
  4 goblins
  5 hobgoblins
  7 jackals
  7 kobolds
  4 quokkas
  3 frilled lizards
  7 rats
145 creatures vanquished.

Vanquished Creatures (others)
  2 fungi (D:3)
  9 plants (D:8)
11 creatures vanquished.

Grand Total: 156 creatures vanquished

Notes
Turn   | Place    | Note
-------+----------+-------------------------------------------
     0 | D:1      | Minsecho the Hill Orc Fighter began the quest for the Orb.
     0 | D:1      | Reached XP level 1. HP: 19/19 MP: 1/1
   365 | D:1      | Reached skill level 3 in Axes
   548 | D:1      | Reached XP level 2. HP: 12/27 MP: 2/2
   974 | D:1      | Reached XP level 3. HP: 31/33 MP: 3/3
  1305 | D:2      | Reached XP level 4. HP: 38/41 MP: 4/4
  1488 | D:2      | Reached skill level 4 in Axes
  1576 | D:2      | Reached XP level 5. HP: 45/47 MP: 5/5
  2106 | D:3      | Found a transporter.
  2117 | D:3      | Reached skill level 5 in Axes
  2120 | D:3      | Noticed a kobold demonologist
  2136 | D:3      | Noticed a phantom
  2140 | D:3      | You fall into a shaft and drop 1 floor!
  2229 | D:4      | Found a hazy altar of Hepliaklqana.
  2232 | D:4      | Found a shimmering altar of Xom.
  2233 | D:4      | Noticed a spectral ugly thing
  2262 | D:4      | Found a staircase to the Ecumenical Temple.
  2278 | Temple   | Entered the Ecumenical Temple
  2463 | D:4      | Noticed a phantom
  2495 | D:4      | Killed a phantom
  2496 | D:4      | Reached XP level 6. HP: 38/55 MP: 6/6
  2797 | D:4      | Noticed a necrophage
  2804 | D:4      | Killed a necrophage
  2805 | D:4      | Reached skill level 6 in Axes
  2953 | D:4      | Noticed a steam dragon
  2968 | D:4      | Killed a steam dragon
  2969 | D:4      | Reached skill level 5 in Fighting
  2969 | D:4      | Reached skill level 1 in Dodging
  2969 | D:4      | Reached XP level 7. HP: 9/61 MP: 7/7
  3374 | D:5      | Entered Level 5 of the Dungeon
  3384 | D:5      | Reached skill level 7 in Axes
  3644 | D:3      | Found a transporter.
  3698 | D:3      | Found a faded altar of an unknown god.
  3707 | D:3      | Got Plato's Incunabulum of the Glacier
  3721 | D:3      | Reached skill level 5 in Armour
  4461 | D:5      | Reached skill level 8 in Axes
  4461 | D:5      | Reached XP level 8. HP: 22/69 MP: 8/8
  4462 | D:5      | HP: 3/69 [iguana (10)]
  4908 | D:5      | Reached skill level 1 in Stealth
  5025 | D:5      | Noticed Grinder
  5026 | D:5      | Found a radiant altar of Vehumet.
  5030 | D:5      | Paralysed by Grinder for 4 turns
  5054 | D:5      | Paralysed by Grinder for 6 turns
  5166 | D:5      | Killed Grinder
  5167 | D:5      | Reached skill level 9 in Axes
  5167 | D:5      | Reached skill level 5 in Shields
  6242 | D:6      | Reached XP level 9. HP: 55/78 MP: 9/9
  6609 | D:6      | Reached skill level 10 in Axes
  6637 | D:6      | Found an opulent altar of Gozag.
  6637 | D:6      | Found a basalt altar of Yredelemnul.
  6813 | D:6      | Found a glowing silver altar of Zin.
  6825 | D:6      | Found a sacrificial altar of Ru.
  6976 | D:6      | Learned a level 1 spell: Freeze
  7630 | D:7      | Reached skill level 11 in Axes
  8577 | D:8      | Found an iron altar of Okawaru.
  8826 | D:8      | Became a worshipper of Warmaster Okawaru
  8958 | D:8      | Reached XP level 10. HP: 73/88 MP: 10/10
  9116 | D:8      | Reached skill level 12 in Axes
  9336 | D:8      | Noticed a boulder beetle
  9356 | D:8      | Noticed a centaur warrior
  9374 | D:8      | Killed a centaur warrior
  9374 | D:8      | Reached * piety under Okawaru
  9639 | D:8      | Found a white marble altar of Elyvilon.
  9730 | D:8      | Found a staircase to the Lair.
 10193 | D:8      | Slain by a boulder beetle

Illustrated notes

Levels and vault maps discovered:
D:1:      minmay_arrival_open_corners, layout_basic
D:2:      layout_rooms, serial_corexii_hall, chequers_hall_statues_corner_a,
          chequers_hall_statues_wall_a, minmay_fractal_squares_gapless_5
D:3:      gammafunk_wand_slinger, layout_rooms,
          shapermc_ecumenical_altar_rom_forum
D:4:      layout_rooms, regret_index_temple_of_mockery,
          minmay_temple_entry_glass, minmay_small_thing
D:5:      layout_rooms, mainiacjoe_overflow_concentric_impassable,
          minmay_tree_intersection, nicolae_fountain_basement, uniq_grinder
D:6:      layout_loops_cross, jmf_multi_god_temple,
          amethyst_overflow_temple_binary
D:7:      layout_loops_ring
D:8:      layout_cave_pods, okawaru_metal_pillars_1_2, marbit_many_paths,
          david_lair_shrubbed
Temple:   nicolae_temple_god_jail

Skill      XL: |  1  2  3  4  5  6  7  8  9 10 |
---------------+-------------------------------+-----
Axes           | 3 4 5 6 8 9 11 12 | 12.6
Fighting       | 4 5 6 7 8 |  8.2
Shields        | 4 5 6 |  6.1
Armour         | 4 5 6 7 8 |  8.3
Dodging        | 1 2 3 |  3.0
Stealth        | 1 2 |  2.1
Evocations     | |  0.2

Action                   |  1- 3 |  4- 6 |  7- 9 | 10-12 || total
-------------------------+-------+-------+-------+-------++-------
Melee: War axe           |    92 |   145 |   344 |    77 ||   658
Evoke: Wand              |       |       |     1 |     6 ||     7
  Use: Potion            |       |       |     2 |       ||     2
       Scroll            |       |       |     5 |       ||     5
 Stab: Paralysed         |       |       |     4 |       ||     4
Armor: Scale mail        |    45 |    72 |   192 |    28 ||   337
Dodge: Dodged            |    34 |    70 |   182 |    31 ||   317
Block: Buckler           |    25 |    37 |    96 |    12 ||   170

Table legend: (Time is in decaauts)
 A = Elapsed time spent in this place.
 B = Non-inter-level travel time spent in this place.
 C = Inter-level travel time spent in this place.
 D = Time resting spent in this place.
 E = Time spent auto-exploring this place.
 F = Levels seen in this place.
 G = Mean time per level.
                   A        B        C        D        E       F      G
               +--------+--------+--------+--------+--------+-----+--------+
         Total |  10272 |   9989 |    283 |   3592 |   4767 |   9 | 1141.3 |
       Dungeon |  10098 |   9821 |    277 |   3492 |   4750 |   8 | 1262.2 |
        Temple |    173 |    168 |      5 |    100 |     17 |   1 |  173.0 |
               +--------+--------+--------+--------+--------+-----+--------+

Top non-repeatable levels by time:
     D:5: 1771 daAuts
     D:8: 1657 daAuts
     D:6: 1248 daAuts
     D:7: 1221 daAuts
     D:4: 1182 daAuts
     D:1: 1164 daAuts
     D:2: 981 daAuts
     D:3: 871 daAuts
  Temple: 173 daAuts
